 Dungeon Crawl Stone Soup version 0.24-a0-433-gbe6fa4f6cc (webtiles) character file.

Game seed: 11474463428127894117

5727 MisterFreud the Arsonist (level 10, -5/56 HPs)
             Began as an Octopode Fire Elementalist on June 14, 2019.
             Was a Priest of Vehumet.
             Slain by a soldier ant (7 damage)
             ... on level 9 of the Dungeon.
             The game lasted 00:28:02 (10529 turns).

MisterFreud the Arsonist (OpFE)                    Turns: 10529, Time: 00:28:02

Health: -5/56      AC:  6    Str:  7    XL:     10   Next: 77%
Magic:  11/19      EV: 17    Int: 20    God:    Vehumet [***...]
Gold:   593        SH:  5    Dex: 17    Spells: 11/21 levels left

rFire    . . .     SeeInvis .   w - +1 trident
rCold    . . .     Gourm    .   (no shield)
rNeg     . . .     Faith    .   (helmet restricted)
rPois    .         Spirit   .   E - +5 amulet of reflection
rElec    .         Reflect  +   d - +5 ring of protection
rCorr    .         Harm     .   h - +3 ring of dexterity
MR       .....                  (no ring)
Stlth    +++.......             (no ring)
HPRegen  0.18/turn              (no ring)
MPRegen  0.16/turn              (no ring)
                                (no ring)
                                (no ring)

@: no status effects
A: almost no armour, stealthy swim, amphibious, 8 rings, constrict 8, camouflage
1, gelatinous body 1
a: Renounce Religion


You were on level 9 of the Dungeon.
You worshipped Vehumet.
Vehumet was most pleased with you.
You were not hungry.

You visited 2 branches of the dungeon, and saw 11 of its levels.

You collected 651 gold pieces.
You spent 58 gold pieces at shops.

Inventory:

Hand Weapons
 p - a +0 spear
 w - a +1 trident (weapon)
Missiles
 c - a throwing net (quivered)
 e - 467 stones
 g - 52 bolts
 m - 52 poisoned darts
 q - 4 silver javelins
 r - 64 sling bullets
 t - 159 arrows
 v - 3 boomerangs
Armour
 L - a +0 shield
Magical Staves
 J - an uncursed staff of conjuration
Jewellery
 d - a +5 ring of protection (left tentacle)
 h - a +3 ring of dexterity (right tentacle)
 z - an uncursed ring of see invisible
 D - an uncursed amulet of guardian spirit {unknown}
 E - a +5 amulet of reflection (around mantle)
Wands
 B - a wand of paralysis (8)
Scrolls
 a - 2 scrolls of remove curse
 f - 5 scrolls of teleportation
 i - a scroll of enchant weapon
 l - 3 scrolls of amnesia
 x - 2 scrolls of enchant armour
 y - 2 scrolls of blinking
 A - 3 scrolls of fog
 F - a scroll of fear
Potions
 j - 3 potions of lignification
 n - 5 potions of haste
 o - 2 potions of berserk rage
 s - 2 potions of cancellation
 u - a potion of might
 C - a potion of brilliance {unknown}
 G - a potion of degeneration {unknown}
 H - a potion of flight {unknown}
 K - a potion of mutation {unknown}
Comestibles
 b - 23 rations


   Skills:
 - Level 6.0 Polearms
 - Level 6.0 Dodging
 - Level 2.6 Stealth
 + Level 3.0 Shields
 - Level 6.0 Spellcasting
 - Level 8.0 Conjurations
 - Level 3.1 Translocations
 - Level 8.0 Fire Magic


You had 11 spell levels left.
You knew the following spells:

 Your Spells              Type           Power        Failure   Level  Hunger
a - Flame Tongue          Conj/Fire      #####        1%          1    None
b - Conjure Flame         Conj/Fire      #####...     1%          3    ##.....
c - Sticky Flame          Conj/Fire      #####...     1%          4    ####...
d - Blink                 Tloc           N/A          4%          2    None

Your spell library contained the following spells:

 Spells                   Type           Power        Failure   Level  Hunger
 Ignite Poison            Fire/Tmut/Pois ###.....     3%          3    ##.....
 Magic Dart               Conj           ####         1%          1    None
 Throw Flame              Conj/Fire      #####.       1%          2    None
 Inner Flame              Hex/Fire       ###.....     1%          3    ##.....
 Stone Arrow              Conj/Erth      ###...       1%          3    ##.....
 Sandblast                Erth           #.....       3%          1    None
 Mephitic Cloud           Conj/Pois/Air  ###.....     3%          3    ##.....
 Fireball                 Conj/Fire      #####.....   3%          5    #####..
 Corona                   Hex            #......      11%         1    None
 Call Imp                 Summ           #.......     16%         2    None
 Passwall                 Tmut/Erth      #.......     16%         2    None
 Slow                     Hex            #.......     16%         2    None
 Portal Projectile        Hex/Tloc       ##....       17%         3    ##.....
 Lee's Rapid Deconstruct  Erth           #.........   54%         5    #####..
 Cause Fear               Hex            #.........   71%         4    ####...
 Leda's Liquefaction      Hex/Erth       #.........   71%         4    ####...
 Petrify                  Tmut/Erth      #.......     71%         4    ####...


Dungeon Overview and Level Annotations

Branches:
Dungeon (10/15)            Temple (1/1) D:4             Orc (0/2) D:9
   Lair: D:8-11

Altars:
Cheibriados
Dithmenos
Elyvilon
Fedhas
Gozag
Hepliaklqana
Kikubaaqudgha
Makhleb
Nemelex Xobeh
Okawaru
Qazlal
Ru
Trog
Vehumet
Wu Jian
Xom
Yredelemnul
Zin
The Shining One
Jiyva

Shops:
D:8 [   D:9 [

Annotations:
D:3 3 runed translucent doors, Defined's ghost, amateur DrCj
D:5 2 transporters, Xenophilius's ghost, amateur BaVM


Innate Abilities, Weirdness & Mutations

You cannot wear most types of armour.
You are very stealthy in the water. (Stealth+)
You are amphibious.
You can wear up to eight rings at the same time.
You can use your tentacles to constrict eight enemies at once.
Your skin changes colour to match your surroundings (Stealth+).
Your rubbery body absorbs attacks. (AC +1, EV +1)


Message History

The soldier ant poisons you!
You feel better.
You constrict the soldier ant, but do no damage.
The soldier ant burns!
The soldier ant stops burning.
The soldier ant stings you!
* * * LOW HITPOINT WARNING * * *
You hit the soldier ant but do no damage.
You squeeze the soldier ant.
The soldier ant is severely wounded.
You constrict the soldier ant, but do no damage.
The soldier ant misses you.
You hit the soldier ant but do no damage.
The soldier ant is severely wounded.
You constrict the soldier ant, but do no damage.
You block the soldier ant's attack.
You hit the soldier ant.
The soldier ant is severely wounded.
You constrict the soldier ant, but do no damage.
The soldier ant stings you!
You die...

.# .# ########.#+## ............#
............# ............#
.......######
...#........#####################
#..#........'...@†...............
#..#...######....a........†[†....
#..#..... #..##########'###...#
#..#...... #..#.......#....#....
...#...... #..#.......'....#....
...##########..#.......#....#....
...#........#'##..#######...#####
...#........#..#........#........
########....'..#........#........


You could see a soldier ant.

Vanquished Creatures
  A centaur skeleton (D:8)
  Grinder (D:5)
  A hippogriff (D:9)
  Sigmund (D:5)
  4 hogs (D:8)
  A human (D:8)
  2 water moccasins (D:6)
  6 soldier ants (D:9)
  Duvessa (D:6)
  2 orc warriors (D:9)
  2 ice beasts
  A sky beast (D:9)
  2 phantoms
  2 ogres
  2 centaurs
  2 big kobolds
  3 bullfrogs
  A water moccasin skeleton (D:6)
  2 scorpions
  Dowan (D:6)
  4 killer bees (D:7)
  5 wights
  3 howler monkeys (D:7)
  2 crimson imps
  A centaur zombie (D:7)
  A bullfrog zombie (D:7)
  4 hounds
  3 orc priests
  5 jellies
  3 iguanas
  Ijyb (D:5)
  3 orc wizards
  11 worker ants
  A hound zombie (D:6)
  Robin (D:3)
  4 gnolls (D:9)
  9 adders
  4 shadow imps
  An ooze (D:6)
  An adder zombie (D:5)
  2 adder skeletons
  6 worms
  A dart slug (D:3)
  30 orcs
  8 giant cockroaches
  24 goblins
  5 hobgoblins
  8 jackals
  5 quokkas
  A ball python (D:8)
  5 bats
  9 frilled lizards
  A jackal skeleton (D:8)
  A jackal zombie (D:5)
  28 kobolds
  A leopard gecko skeleton (D:6)
  A quokka skeleton (D:8)
  6 rats
247 creatures vanquished.

Notes
Turn   | Place    | Note
-------+----------+-------------------------------------------
     0 | D:1      | MisterFreud the Octopode Fire Elementalist began the quest
                  | for the Orb.
     0 | D:1      | Reached XP level 1. HP: 11/11 MP: 3/3
   295 | D:1      | Reached XP level 2. HP: 17/17 MP: 5/5
   805 | D:2      | Found a burning altar of Makhleb.
   895 | D:2      | Reached XP level 3. HP: 14/21 MP: 6/6
  1095 | D:2      | Learned a level 3 spell: Conjure Flame
  1316 | D:2      | Reached XP level 4. HP: 27/27 MP: 7/7
  1845 | D:3      | Reached XP level 5. HP: 25/31 MP: 9/9
  2116 | D:3      | Learned a level 4 spell: Sticky Flame
  2120 | D:3      | Found a white marble altar of Elyvilon.
  2597 | D:3      | Reached XP level 6. HP: 7/36 MP: 10/10
  2935 | D:3      | Noticed Robin
  2962 | D:3      | Killed Robin
  3334 | D:3      | Learned a level 2 spell: Blink
  3337 | D:3      | Found a runed translucent gate.
  3337 | D:3      | Found a runed translucent gate.
  3337 | D:3      | Found an opulent altar of Gozag.
  3339 | D:3      | Found a runed translucent gate.
  3383 | D:3      | Found a hazy altar of Hepliaklqana.
  3384 | D:3      | Found a glowing golden altar of the Shining One.
  3491 | D:3      | Noticed Defined's ghost (amateur DrCj)
  4217 | D:4      | Reached XP level 7. HP: 17/41 MP: 7/12
  4507 | D:4      | Reached skill level 5 in Conjurations
  4511 | D:5      | Entered Level 5 of the Dungeon
  4705 | D:5      | Reached skill level 5 in Fire Magic
  4978 | D:4      | Found a staircase to the Ecumenical Temple.
  5004 | Temple   | Entered the Ecumenical Temple
  5043 | Temple   | Became a worshipper of Vehumet
  5183 | D:4      | Found a stormy altar of Qazlal.
  5457 | D:5      | Noticed Xenophilius's ghost (amateur BaVM)
  5459 | D:5      | Found a transporter.
  5459 | D:5      | Found a transporter.
  5474 | D:5      | Found an opulent altar of Gozag.
  5512 | D:5      | Reached XP level 8. HP: 39/46 MP: 8/14
  5840 | D:5      | Noticed Sigmund
  5847 | D:5      | Killed Sigmund
  5847 | D:5      | Reached skill level 1 in Polearms
  5847 | D:5      | Reached skill level 1 in Translocations
  6085 | D:5      | Noticed Ijyb
  6091 | D:5      | Paralysed by Ijyb for 2 turns
  6095 | D:5      | Killed Ijyb
  6147 | D:5      | Noticed Grinder
  6158 | D:5      | Killed Grinder
  6326 | D:6      | Reached * piety under Vehumet
  6326 | D:6      | Offered knowledge of Shock by Vehumet.
  6330 | D:6      | Reached skill level 5 in Polearms
  6330 | D:6      | Reached XP level 9. HP: 15/51 MP: 4/15
  6818 | D:6      | Noticed Duvessa
  6818 | D:6      | Noticed Dowan
  6829 | D:6      | Killed Dowan
  6830 | D:6      | Killed Duvessa
  6842 | D:6      | Found an iron altar of Okawaru.
  6844 | D:6      | Found the +7 sceptre of Torment {pain, torment}
  7403 | D:7      | Reached skill level 5 in Dodging
  7453 | D:7      | Found an ancient bone altar of Kikubaaqudgha.
  7829 | D:7      | Offered knowledge of Searing Ray by Vehumet.
  7884 | D:7      | Found a basalt altar of Yredelemnul.
  7989 | D:7      | Found a blossoming altar of Fedhas.
  8168 | D:8      | Reached ** piety under Vehumet
  8229 | D:8      | Reached XP level 10. HP: 41/56 MP: 14/17
  8381 | D:8      | Found a sparkling altar of Nemelex Xobeh.
  8445 | D:8      | Reached skill level 5 in Spellcasting
  8526 | D:8      | Found Oquis's Antique Armour Shoppe.
  8537 | D:8      | Offered knowledge of Dazzling Spray by Vehumet.
  8577 | D:8      | Found a glowing silver altar of Zin.
  9041 | D:9      | Reached *** piety under Vehumet
  9056 | D:10     | Entered Level 10 of the Dungeon
  9059 | D:10     | HP: 2/56 [something (5)]
  9333 | D:9      | Found a bloodstained altar of Trog.
  9363 | D:9      | Found Noishod's Armour Emporium.
  9365 | D:9      | Found a staircase to the Orcish Mines.
  9467 | D:9      | Bought a +0 shield for 58 gold pieces
  9979 | D:9      | Reached skill level 1 in Shields
 10256 | D:9      | Offered knowledge of Ignite Poison by Vehumet.
 10297 | D:9      | Noticed a queen ant
 10359 | D:9      | HP: 2/56 [poisoned by a soldier ant]
 10526 | D:9      | HP: 1/56 [soldier ant (13)]
 10529 | D:9      | Slain by a soldier ant

Levels and vault maps discovered:
D:1:      dpeg_arrival_arbitrary_a, layout_basic
D:2:      layout_basic, nicolae_overflow_crystal_walls
D:3:      layout_loops_ring, gammafunk_temple_overflow_statue, elyvilon_altar_1,
          ebering_ghost_gozag, minmay_fractal_squares_gapless_5, uniq_robin
D:4:      minmay_chambers_of_threes, layout_cave_pools,
          nicolae_qazlal_eye_of_the_storm, minmay_temple_entry_junction_2,
          first_ration
D:5:      layout_basic, overflow_temple_1_default, gammafunk_ghost_mausoleum,
          uniq_sigmund, uniq_grinder, uniq_ijyb
D:6:      layout_loops_ring, nicolae_overflow_hidden_temple,
          okawaru_ov_weapons_minmay, minmay_joined_circles, uniq_duvessa
D:7:      layout_gridville, kennysheep_little_box,
          lemuel_coloured_pillars_altar, lemuel_crystal_altar
D:8:      kennysheep_kobold_camp, layout_rooms,
          nemelex_xobeh_ov_fountains_minmay, zin_statuary, serial_shops,
          nicolae_shop_crystal, grunt_livestock
D:9:      layout_grid_maze, orc_david_3, basic_altar, minivault_29
D:10:     layout_long_grid, uniq_maurice
Temple:   pf_slime_end_temple

Skill      XL: |  1  2  3  4  5  6  7  8  9 10 |
---------------+-------------------------------+-----
Conjurations   | 2 3 4 6 8 |  8.0
Spellcasting   | 3 4 6 |  6.0
Fire Magic     | 4 5 6 8 |  8.0
Polearms       | 5 6 |  6.0
Translocations | 3 |  3.1
Dodging        | 6 |  6.0
Shields        | 3 |  3.0
Stealth        | |  2.6

Action                   |  1- 3 |  4- 6 |  7- 9 | 10-12 || total
-------------------------+-------+-------+-------+-------++-------
Melee: Unarmed           |    13 |       |       |       ||    13
       Constrict         |    20 |    33 |    48 |    49 ||   150
       Tentacles         |    11 |    18 |    46 |    40 ||   115
       Dagger            |     6 |       |       |       ||     6
       Hand axe          |    19 |       |       |       ||    19
       Spear             |    57 |    90 |       |       ||   147
       Trident           |       |    70 |   234 |   199 ||   503
 Cast: Flame Tongue      |     4 |    15 |    23 |     4 ||    46
       Conjure Flame     |     2 |     2 |       |       ||     4
       Sticky Flame      |       |     7 |    33 |    30 ||    70
  Use: Scroll            |     3 |     7 |     9 |     1 ||    20
       Potion            |       |     1 |       |     3 ||     4
 Stab: Sleeping          |     7 |     5 |    11 |     5 ||    28
       Distracted        |       |       |     1 |     2 ||     3
  Eat: Chunk             |     2 |    11 |    11 |    13 ||    37
       Ration            |       |       |     2 |       ||     2
Armor: Skin              |    21 |    37 |    41 |    35 ||   134
Dodge: Dodged            |    29 |    98 |   152 |   129 ||   408
Block: Other             |       |       |    24 |    43 ||    67
       Reflection        |       |       |     3 |     2 ||     5

Table legend:
 A = Non-vault XP
 B = Vault XP
 C = Vault XP percentage of total XP
 D = Non-vault monster count
 E = Vault monster count
 F = Vault count percentage of total count
                 A         B        C        D         E       F
            +---------+---------+-------+---------+---------+-------
      Total |    4104 |    4078 |  49.8 |     164 |      83 |  33.6
            +---------+---------+-------+---------+---------+-------
        D:1 |      25 |       0 |   0.0 |      16 |       0 |   0.0
        D:2 |      68 |       0 |   0.0 |      21 |       0 |   0.0
        D:3 |     258 |      56 |  17.8 |      30 |      17 |  36.2
        D:4 |     323 |     261 |  44.7 |      15 |       8 |  34.8
        D:5 |     336 |     543 |  61.8 |      12 |       3 |  20.0
        D:6 |     232 |     894 |  79.4 |       7 |      13 |  65.0
        D:7 |    1176 |       0 |   0.0 |      22 |       0 |   0.0
        D:8 |     875 |    1102 |  55.7 |      12 |      26 |  68.4
        D:9 |     769 |    1222 |  61.4 |      28 |      16 |  36.4
       D:10 |      42 |       0 |   0.0 |       1 |       0 |   0.0
            +---------+---------+-------+---------+---------+-------
